 Dungeon Crawl Stone Soup version 0.31-a0-460-g9e667d4245 (webtiles) character file.

Game seed: 5160675084510535983

630 MisterAzrael the Slasher (level 7, -11/61 HPs)
             Began as a Minotaur Fighter on Aug 4, 2023.
             Was a Believer of Okawaru.
             Mangled by a two-headed ogre
             ... wielding a +0 giant club
              (15 damage)
             ... on level 6 of the Dungeon.
             The game lasted 00:03:46 (3247 turns).

MisterAzrael the Slasher (Minotaur Fighter)         Turns: 3247, Time: 00:03:46

Health: -11/61     AC: 12    Str: 25    XL:     7   Next: 24%
Magic:  8/8        EV:  9    Int:  5    God:    Okawaru [**....]
Gold:   135        SH:  0    Dex:  6    Spells: 6/6 levels left

rFire   . . .        a - +0 long sword
rCold   . . .        c - +0 buckler
rNeg    . . .        n - +4 scale mail of Hubris {rPois Regen+ Str+2 Dex-3}
rPois   +            (helmet restricted)
rElec   .            m - +0 cloak
rCorr   .            (no gloves)
SInv    .            (no boots)
Will    .....        (no amulet) Stlth
                     y - ring of poison resistance
HPRegen 1.10/turn    (no ring)
MPRegen 0.11/turn

%: no passive effects
@: confused, ambrosia-drunk
A: horns 2, retaliatory headbutt
a: Renounce Religion, Heroism


You were on level 6 of the Dungeon.
You worshipped Okawaru.
Okawaru was pleased with you.
You visited 1 branch of the dungeon, and saw 5 of its levels.

You collected 135 gold pieces.

Inventory:

Hand Weapons
 a - a +0 long sword (weapon)
Missiles
 p - 4 boomerangs (quivered)
 q - 13 poisoned darts
Armour
 b - a +0 scale mail
 c - a +0 buckler (worn)
 m - a +0 cloak (worn)
 n - the +4 scale mail of Hubris (worn) {rPois Regen+ Str+2 Dex-3}
   (You found it on level 2 of the Dungeon)

   Str:       It affects your strength (+2).
   Dex:       It affects your dexterity (-3).
   rPois:     It protects you from poison.
   Regen:     It increases your rate of health regeneration.
Jewellery
 y - a ring of poison resistance (left hand)
Scrolls
 f - 2 scrolls of fear {unknown}
 g - 6 scrolls of identify {unknown}
 h - a scroll of poison {unknown}
 i - 2 scrolls of butterflies {unknown}
 j - a scroll of enchant weapon {unknown}
 k - a scroll of enchant armour {unknown}
 o - a scroll of teleportation {unknown}
 s - a scroll of brand weapon {unknown}
 t - a scroll of blinking {unknown}
 w - a scroll of revelation {unknown}
Potions
 d - a potion of might
 e - 2 potions of ambrosia
 l - 3 potions of curing {unknown}
 r - 2 potions of mutation {unknown}
 u - 2 potions of brilliance {unknown}
 v - a potion of heal wounds {unknown}
 x - a potion of lignification {unknown}


   Skills:
 + Level 5.4 Fighting
 + Level 6.4 Long Blades
 + Level 2.9 Throwing
 - Level 3.6 Armour
 - Level 3.6 Shields
 + Level 3.5 Invocations


You had 6 spell levels left.
You didn't know any spells.
Your spell library was empty.

Dungeon Overview and Level Annotations

Branches:
Dungeon (6/15)             Temple (0/1) D:5

Altars:
Fedhas
Kikubaaqudgha
Okawaru


Innate Abilities, Weirdness & Mutations

You have a pair of horns on your head.
You reflexively headbutt those who attack you in melee.


Message History

You closely miss the hound. Your headbutt misses the hound.
The hound is severely wounded.
The hound bites you.
You hit the hound.
You kill the hound!
Okawaru accepts your kill.
No target in view!
A two-headed ogre comes into view. It is wielding two +0 giant clubs.
The two-headed ogre shouts in stereo!
A two-headed ogre is nearby!
A two-headed ogre is nearby!
An iguana comes into view.
The two-headed ogre hits you but does no damage.
The two-headed ogre hits you with a +0 giant club.
You hit the two-headed ogre but do no damage.
You block the two-headed ogre's attack. The two-headed ogre barely misses you.
You slash the two-headed ogre! You headbutt the two-headed ogre!
The two-headed ogre is moderately wounded.
You hit the two-headed ogre but do no damage.
The two-headed ogre is moderately wounded.
The two-headed ogre hits you with a +0 giant club!!
The two-headed ogre hits you with a +0 giant club.
The iguana bites you but does no damage.
You hit the two-headed ogre.
Your headbutt misses the two-headed ogre.
The two-headed ogre is moderately wounded.
The two-headed ogre hits you with a +0 giant club! x2
* * * LOW HITPOINT WARNING * * *
The iguana bites you.
* * * LOW HITPOINT WARNING * * *
You are too injured to fight recklessly!
The iguana bites you.
* * * LOW HITPOINT WARNING * * *
It was a potion of ambrosia.
You are confused.
You feel invigorated.
The two-headed ogre hits you with a +0 giant club.
* * * LOW HITPOINT WARNING * * *
The two-headed ogre hits you with a +0 giant club!
You die...

.....#
.....###
#+#......#
#.#.##.#.#
#.#.##.#.#
#.#..#.#.#
#.#..#.#.#
#†#<.#.#.#
#....l@..#
######O###
........#
#########


You could see a two-headed ogre and an iguana.

Vanquished Creatures
  An ice beast (D:5)
  An ogre (D:5)
  Blork the orc (D:5)
  2 scorpions (D:5)
  2 hounds
  3 iguanas (D:5)
  4 adders
  2 white imps (D:5)
  An ufetubus (D:5)
  A worm (D:2)
  A dart slug (D:1)
  2 orcs
  4 ball pythons
  8 endoplasms
  4 giant cockroaches
  2 goblins (D:1)
  6 hobgoblins
  7 jackals (D:1)
  9 kobolds
  2 quokkas
  7 bats
  11 frilled lizards
  4 rats
85 creatures vanquished.

Notes
Turn   | Place    | Note
-------+----------+-------------------------------------------
     0 | D:1      | MisterAzrael the Minotaur Fighter began the quest for the
                  | Orb.
     0 | D:1      | Reached XP level 1. HP: 19/19 MP: 0/0
    39 | D:1      | Reached skill level 3 in Long Blades
    58 | D:1      | Reached XP level 2. HP: 20/26 MP: 1/1
   141 | D:1      | Reached skill level 4 in Long Blades
   236 | D:1      | Reached XP level 3. HP: 31/31 MP: 2/2
   265 | D:1      | Found a faded altar of an unknown god.
   285 | D:1      | Prayed at the altar of an unknown god.
   285 | D:1      | Became a worshipper of Warmaster Okawaru
   285 | D:1      | Reached * piety under Okawaru
  1107 | D:2      | Identified the +4 scale mail of Hubris {rPois Regen+ Str+2
                  | Dex-3}
  1118 | D:2      | Reached skill level 1 in Invocations
  1285 | D:2      | Reached XP level 4. HP: 39/39 MP: 3/3
  1668 | D:2      | Reached skill level 5 in Long Blades
  2533 | D:3      | You fall into a shaft and drop 2 floors!
  2533 | D:5      | Entered Level 5 of the Dungeon
  2536 | D:5      | Noticed Blork the orc
  2546 | D:5      | Killed Blork the orc
  2547 | D:5      | Reached skill level 1 in Throwing
  2547 | D:5      | Reached XP level 5. HP: 40/46 MP: 5/5
  2632 | D:5      | Found a staircase to the Ecumenical Temple.
  2674 | D:5      | Noticed an ice beast
  2687 | D:5      | Killed an ice beast
  2687 | D:5      | Reached ** piety under Okawaru
  2688 | D:5      | Reached XP level 6. HP: 53/53 MP: 6/6
  2762 | D:5      | Reached skill level 6 in Long Blades
  2817 | D:5      | Reached skill level 5 in Fighting
  2842 | D:5      | Found a blossoming altar of Fedhas.
  2854 | D:5      | Found an ancient bone altar of Kikubaaqudgha.
  2954 | D:5      | Reached XP level 7. HP: 27/61 MP: 8/8
  3240 | D:6      | Noticed a two-headed ogre
  3247 | D:6      | Mangled by a two-headed ogre

Illustrated notes

Levels and vault maps discovered:
D:1:      co_arrival_square_in_a_square_in_a_square, layout_basic,
          ebering_ecumenical_altar_sacrificial
D:2:      layout_loops_corners, kennysheep_pointless_box
D:3:      layout_loops_corners
D:5:      layout_loops_ring, grunt_temple_overflow_growth_and_decay,
          minmay_temple_entry_glassed_door, minmay_lizard_king,
          uniq_blork_the_orc
D:6:      layout_basic, uniq_duvessa, uniq_grinder

Skill      XL: |  1  2  3  4  5  6 |
---------------+-------------------+-----
Long Blades    | 3 4 5 6 |  6.4
Invocations    | 1 2 3 |  3.5
Fighting       | 4 5 |  5.4
Throwing       | 1 2 |  2.9
Armour         | |  3.6
Shields        | |  3.6

Action                     |  1- 3 |  4- 6 |  7- 9 || total
---------------------------+-------+-------+-------++-------
  Melee: Long sword        |   109 |   115 |    19 ||   243
         Headbutt          |    14 |    24 |     2 ||    40
    Use: Potion            |       |     1 |     1 ||     2
 Armour: Scale mail        |    68 |    59 |    14 ||   141
  Dodge: Dodged            |    71 |    69 |    14 ||   154
  Block: Buckler           |    25 |    17 |     8 ||    50

Table legend: (Time is in decaauts)
 A = Elapsed time spent in this place.
 B = Non-inter-level travel time spent in this place.
 C = Inter-level travel time spent in this place.
 D = Time resting spent in this place.
 E = Time spent auto-exploring this place.
 F = Levels seen in this place.
 G = Mean time per level.
                   A        B        C        D        E       F      G
               +--------+--------+--------+--------+--------+-----+--------+
         Total |   3288 |   3207 |     81 |     31 |   2533 |   5 |  657.6 |
       Dungeon |   3288 |   3207 |     81 |     31 |   2533 |   5 |  657.6 |
               +--------+--------+--------+--------+--------+-----+--------+

Top non-repeatable levels by time:
     D:2: 1085 daAuts
     D:1: 968 daAuts
     D:5: 703 daAuts
     D:3: 507 daAuts
     D:6: 21 daAuts
